AoeStats
← petunssu

Arabia

510434739Analyzed
1v1 RM · 15h ago on Oct 1, 2026· 31m 52s· 2 players
Game mode
Random Map
Map size
Tiny (2 player)
Population
200
Speed
Normal
Resources
Standard
Victory
Conquest
Starting age
Dark Age
Ending age
Imperial Age
RankedLock teamsTeams togetherTeam positionsShared explorationLock speedFull tech treeHidden civsTurbo modeCheats
Victory
Defeat
🇧🇷 Tatars · Brazil
1133
+15
🇧🇷 Bulgarians · Brazil
1115
-15
RickFrank
6:41 Loom
10:28 Feudal Age
11:02 Double-Bit Axe
20:58 Castle Age
19:13 Fletching
19:22 Horse Collar
21:04 Padded Archer Armor
21:43 Wheelbarrow
21:08 Gold Mining
21:40 Bodkin Arrow
22:08 Bow Saw
23:07 Leather Archer Armor
24:14 Bloodlines
25:51 Ballistics
25:33 Husbandry
28:18 Thumb Ring
30:49 Scale Barding Armor
petunssu
6:58 Loom
9:02 Feudal Age
10:04 Double-Bit Axe
11:32 Horse Collar
18:12 Bloodlines
22:52 Castle Age
20:47 Fletching
20:57 Padded Archer Armor
23:16 Gold Mining
23:54 Bodkin Arrow
23:59 Padded Archer Armor
24:01 Husbandry
23:56 Town Watch
25:17 Wheelbarrow
25:24 Gold Shaft Mining
25:42 Bow Saw
27:08 Leather Archer Armor
28:57 Ballistics
30:10 Stone Mining
32:26 Hand Cart
Connection lost

Rejoining the realm…

Still unreachable

The connection could not be restored.

Session expired

The server has moved on; the page needs a fresh start.